[Event "Live Chess"]
[Site "Chess.com"]
[Date "2011.02.01"]
[Round "-"]
[White "tattooindude"]
[Black "hipposcottimus"]
[Result "1-0"]
[CurrentPosition "7k/p4Bp1/n1bN2Pp/1p5P/8/P2p4/1P1B2r1/R3KR2 b - -"]
[Timezone "UTC"]
[ECO "A00"]
[ECOUrl "https://www.chess.com/openings/Mieses-Opening-1...d5"]
[UTCDate "2011.02.01"]
[UTCTime "04:21:32"]
[WhiteElo "1705"]
[BlackElo "1669"]
[TimeControl "60"]
[Termination "tattooindude won on time"]
[StartTime "04:21:32"]
[EndDate "2011.02.01"]
[EndTime "04:23:40"]
[Link "https://www.chess.com/game/live/93522387"]

1. d3 d5 2. Nd2 b5 3. e3 c5 4. Ne2 e5 5. h3 c4 6. g3 d4 7. e4 cxd3 8. cxd3 f5 9. exf5 Bxf5 10. g4 Nf6 11. Ng3 Bg6 12. Bg2 e4 13. dxe4 Na6 14. e5 Qe7 15. Bxa8 Qxe5+ 16. Qe2 Qxe2+ 17. Kxe2 d3+ 18. Kf1 Bb4 19. Bf3 O-O 20. h4 Be8 21. h5 Nd5 22. Bxd5+ Kh8 23. g5 Bc5 24. g6 Rxf2+ 25. Ke1 h6 26. Bf7 Bd7 27. Nge4 Rg2 28. Rf1 Bb4 29. a3 Bxd2+ 30. Bxd2 Bc6 31. Nd6 1-0

[Event "Live Chess"]
[Site "Chess.com"]
[Date "2011.02.01"]
[Round "-"]
[White "hipposcottimus"]
[Black "tattooindude"]
[Result "0-1"]
[CurrentPosition "2k3r1/2p1BR1r/pp6/3P4/2P3q1/6Pb/PP2nK1P/R7 w - -"]
[Timezone "UTC"]
[ECO "C00"]
[ECOUrl "https://www.chess.com/openings/French-Defense-Normal-Variation"]
[UTCDate "2011.02.01"]
[UTCTime "04:19:11"]
[WhiteElo "1669"]
[BlackElo "1705"]
[TimeControl "60"]
[Termination "tattooindude won on time"]
[StartTime "04:19:11"]
[EndDate "2011.02.01"]
[EndTime "04:21:11"]
[Link "https://www.chess.com/game/live/93521832"]

1. e4 e6 2. d4 Ne7 3. c4 d6 4. d5 e5 5. Nc3 Nd7 6. f4 b6 7. fxe5 dxe5 8. Nf3 h6 9. Be2 g5 10. Nxg5 hxg5 11. Bxg5 Bh6 12. Bh4 Bf4 13. g3 Be3 14. Qd3 Bd4 15. Nb5 Nc5 16. Qf3 a6 17. Nxd4 exd4 18. O-O Rh7 19. Qf6 Bh3 20. Qxd4 Qd7 21. Rf2 O-O-O 22. e5 Rg8 23. e6 Nxe6 24. Bxe7 Nxd4 25. Rxf7 Nxe2+ 26. Kf2 Qg4 0-1

[Event "Live Chess"]
[Site "Chess.com"]
[Date "2011.02.01"]
[Round "-"]
[White "tattooindude"]
[Black "hipposcottimus"]
[Result "0-1"]
[CurrentPosition "8/pp5p/5Q1P/2p3Pk/4p3/PPK5/6q1/8 w - -"]
[Timezone "UTC"]
[ECO "A00"]
[ECOUrl "https://www.chess.com/openings/Mieses-Opening-Reversed-Rat-Valencia-Variation"]
[UTCDate "2011.02.01"]
[UTCTime "04:16:36"]
[WhiteElo "1705"]
[BlackElo "1669"]
[TimeControl "60"]
[Termination "hipposcottimus won on time"]
[StartTime "04:16:36"]
[EndDate "2011.02.01"]
[EndTime "04:18:54"]
[Link "https://www.chess.com/game/live/93521245"]

1. d3 e5 2. Nd2 d5 3. e3 d4 4. Ne2 c5 5. e4 f5 6. h3 fxe4 7. dxe4 Nf6 8. g4 Bd6 9. Ng3 Nc6 10. Bd3 Bd7 11. a3 Qc7 12. b3 O-O 13. Nc4 Ne7 14. Bd2 Bc6 15. Qc1 Ne8 16. Rg1 Nc8 17. Bh6 Nb6 18. Bxg7 Kxg7 19. Nf5+ Kh8 20. Ncxd6 Nxd6 21. Qg5 Nxf5 22. gxf5 Rf7 23. f6 Nd7 24. Rg3 Nxf6 25. O-O-O Bxe4 26. Bxe4 Nxe4 27. Qh6 Nxg3 28. fxg3 Rf2 29. g4 e4 30. g5 d3 31. h4 Qf4+ 32. Kb1 Rf1 33. Rxf1 dxc2+ 34. Kxc2 Qxf1 35. h5 Qg2+ 36. Kc3 Rd8 37. Qf6+ Kg8 38. Qxd8+ Kf7 39. h6 Kg6 40. Qf6+ Kh5 0-1

[Event "Live Chess"]
[Site "Chess.com"]
[Date "2011.02.01"]
[Round "-"]
[White "hipposcottimus"]
[Black "tattooindude"]
[Result "0-1"]
[CurrentPosition "8/2p1kr2/pp1p4/3PnK2/2P1P3/8/PP5P/4RR2 w - -"]
[Timezone "UTC"]
[ECO "C00"]
[ECOUrl "https://www.chess.com/openings/French-Defense-Knight-Variation"]
[UTCDate "2011.02.01"]
[UTCTime "04:14:02"]
[WhiteElo "1669"]
[BlackElo "1705"]
[TimeControl "60"]
[Termination "tattooindude won on time"]
[StartTime "04:14:02"]
[EndDate "2011.02.01"]
[EndTime "04:16:15"]
[Link "https://www.chess.com/game/live/93520684"]

1. e4 e6 2. Nf3 Ne7 3. d4 d6 4. d5 e5 5. c4 a6 6. Nc3 Nd7 7. Be2 b6 8. Nd2 h6 9. O-O g5 10. f4 gxf4 11. Nb3 Ng6 12. Bh5 Be7 13. Bxg6 fxg6 14. Bxf4 exf4 15. Rxf4 Ne5 16. Nd4 g5 17. Rf1 Rg8 18. Qh5+ Kd7 19. Ne6 Qe8 20. Qh3 Qg6 21. Nf4+ Kd8 22. Nxg6 Bxh3 23. Nxe7 Kxe7 24. gxh3 g4 25. Kg2 gxh3+ 26. Kxh3 Rg5 27. Ne2 Rag8 28. Nf4 Rh5+ 29. Nxh5 Rg5 30. Nf4 h5 31. Kh4 Rg4+ 32. Kxh5 Rg8 33. Nh3 Nd3 34. Ng5 Ne5 35. Rae1 Rh8+ 36. Nh7 Rxh7+ 37. Kg5 Rg7+ 38. Kf5 Rf7+ 0-1

[Event "Live Chess"]
[Site "Chess.com"]
[Date "2011.02.01"]
[Round "-"]
[White "tattooindude"]
[Black "hipposcottimus"]
[Result "1-0"]
[CurrentPosition "r3r1k1/p1b2p1p/5BpQ/2p1p3/2P1P3/4PK2/P7/3R2R1 b - -"]
[Timezone "UTC"]
[ECO "A00"]
[ECOUrl "https://www.chess.com/openings/Mieses-Opening-1...d5"]
[UTCDate "2011.02.01"]
[UTCTime "04:12:03"]
[WhiteElo "1705"]
[BlackElo "1669"]
[TimeControl "60"]
[Termination "tattooindude won by resignation"]
[StartTime "04:12:03"]
[EndDate "2011.02.01"]
[EndTime "04:13:50"]
[Link "https://www.chess.com/game/live/93520208"]

1. d3 d5 2. Nd2 d4 3. e3 e5 4. e4 c5 5. Ne2 Nc6 6. h3 Nf6 7. b3 Be6 8. Nc4 Bd6 9. Bd2 O-O 10. Qc1 Bc7 11. g4 b5 12. Ng3 Nxg4 13. hxg4 bxc4 14. bxc4 Bxg4 15. Rg1 Qf6 16. Be2 Bf3 17. Bxf3 Qxf3 18. Nf5 g6 19. Bh6 Rfe8 20. Bg7 Nb4 21. Bf6 Nxd3+ 22. cxd3 Qxd3 23. Qh6 Qc3+ 24. Ke2 d3+ 25. Kf3 d2+ 26. Ne3 d1=Q+ 27. Raxd1 Qxe3+ 28. fxe3 1-0

[Event "Live Chess"]
[Site "Chess.com"]
[Date "2011.02.01"]
[Round "-"]
[White "hipposcottimus"]
[Black "TonyHem"]
[Result "0-1"]
[CurrentPosition "6rk/7p/8/p1p5/3q4/8/P1P1Q1PP/5R1K w - a6"]
[Timezone "UTC"]
[ECO "C41"]
[ECOUrl "https://www.chess.com/openings/Philidor-Defense-Exchange-Variation-4.Nxd4"]
[UTCDate "2011.02.01"]
[UTCTime "04:09:41"]
[WhiteElo "1669"]
[BlackElo "1715"]
[TimeControl "60"]
[Termination "TonyHem won on time"]
[StartTime "04:09:41"]
[EndDate "2011.02.01"]
[EndTime "04:11:38"]
[Link "https://www.chess.com/game/live/93519688"]

1. e4 e5 2. Nf3 d6 3. d4 exd4 4. Nxd4 Be7 5. Nc3 Nf6 6. Bd3 O-O 7. Nde2 Nc6 8. f4 Bg4 9. O-O Nd4 10. Be3 Nxe2+ 11. Bxe2 Bxe2 12. Qxe2 c5 13. Qf3 Qb6 14. Nd5 Qd8 15. e5 Nxd5 16. Qxd5 dxe5 17. Qe4 Bf6 18. fxe5 Re8 19. Rxf6 gxf6 20. Qg4+ Kh8 21. Rf1 Rg8 22. Qf5 fxe5 23. Qxe5+ Rg7 24. Bh6 Qg8 25. Bxg7+ Qxg7 26. Qf4 Rd8 27. Qf3 Kg8 28. Qxb7 Qxb2 29. Qxf7+ Kh8 30. Qe7 Rg8 31. Qe2 Qd4+ 32. Kh1 a5 0-1

[Event "Live Chess"]
[Site "Chess.com"]
[Date "2011.02.01"]
[Round "-"]
[White "Aescon"]
[Black "hipposcottimus"]
[Result "0-1"]
[CurrentPosition "7k/7p/1K6/8/8/6p1/8/8 w - -"]
[Timezone "UTC"]
[ECO "A10"]
[ECOUrl "https://www.chess.com/openings/English-Opening-Jaenisch-Gambit"]
[UTCDate "2011.02.01"]
[UTCTime "03:58:44"]
[WhiteElo "1311"]
[BlackElo "1427"]
[TimeControl "420"]
[Termination "hipposcottimus won by resignation"]
[StartTime "03:58:44"]
[EndDate "2011.02.01"]
[EndTime "04:09:30"]
[Link "https://www.chess.com/game/live/93517013"]

1. c4 b5 2. cxb5 c6 3. e3 d5 4. Nf3 Bg4 5. bxc6 e5 6. Be2 Bxf3 7. Bxf3 e4 8. Be2 Nxc6 9. d4 Bd6 10. O-O Nf6 11. Nc3 O-O 12. f3 Ne7 13. fxe4 dxe4 14. Bg4 Ned5 15. Nxe4 Nxe4 16. Qf3 Ng5 17. Qxd5 Bxh2+ 18. Kxh2 Qxd5 19. e4 Nxe4 20. Bf3 Qf5 21. Be3 Rae8 22. Rac1 Ng5 23. Bc6 Qe6 24. Bxe8 Qxe3 25. Bb5 Qxd4 26. b3 Qh4+ 27. Kg1 Ne4 28. Bc4 Ng3 29. Rfe1 Qd4+ 30. Kh2 Ne4 31. Rf1 Kh8 32. Rcd1 Qe5+ 33. Kg1 f5 34. Bd3 Ng3 35. Rfe1 Qd4+ 36. Kh2 f4 37. Bc4 Qf6 38. Rf1 Qh4+ 39. Kg1 Nxf1 40. Rxf1 Re8 41. a4 Re1 42. b4 Rxf1+ 43. Kxf1 f3 44. Bd3 Qh1+ 45. Kf2 Qxg2+ 46. Ke3 f2 47. Kd4 Qg1 48. Kc4 f1=Q 49. Bxf1 Qxf1+ 50. Kc5 a6 51. Kb6 Qf6+ 52. Ka5 g5 53. b5 axb5 54. axb5 g4 55. b6 Qxb6+ 56. Kxb6 g3 0-1

[Event "Live Chess"]
[Site "Chess.com"]
[Date "2011.02.01"]
[Round "-"]
[White "hipposcottimus"]
[Black "Theflashpoint"]
[Result "1-0"]
[CurrentPosition "8/2p2k1p/pp4p1/8/r4PKP/6P1/8/8 b - h3"]
[Timezone "UTC"]
[ECO "C45"]
[ECOUrl "https://www.chess.com/openings/Scotch-Game"]
[UTCDate "2011.02.01"]
[UTCTime "03:44:32"]
[WhiteElo "1669"]
[BlackElo "1470"]
[TimeControl "60"]
[Termination "hipposcottimus won on time"]
[StartTime "03:44:32"]
[EndDate "2011.02.01"]
[EndTime "03:46:45"]
[Link "https://www.chess.com/game/live/93513851"]

1. e4 e5 2. Nf3 Nc6 3. d4 f5 4. d5 fxe4 5. dxc6 exf3 6. cxd7+ Qxd7 7. Qxf3 Nf6 8. Nc3 Bb4 9. Bd2 O-O 10. Bc4+ Kh8 11. O-O Qxd2 12. Ne4 Nxe4 13. Qxe4 Qf4 14. Qd5 Bg4 15. Rae1 Qg5 16. Rxe5 Rf5 17. Rxf5 Qxf5 18. Rd1 Qxd5 19. Rxd5 Rf8 20. f3 Be6 21. Rd4 Bxc4 22. Rxc4 Bd6 23. b4 b6 24. a4 a6 25. Rc3 Re8 26. Rb3 Re1+ 27. Kf2 Rc1 28. c3 Be5 29. c4 Rxc4 30. Re3 Bd4 31. Ke2 Bxe3 32. Kxe3 Rxb4 33. f4 Rxa4 34. Kf3 Kg8 35. Kg4 Kf7 36. g3 g6 37. h4 1-0

[Event "Live Chess"]
[Site "Chess.com"]
[Date "2011.02.01"]
[Round "-"]
[White "Theflashpoint"]
[Black "hipposcottimus"]
[Result "0-1"]
[CurrentPosition "4rrk1/pb3ppp/6q1/5n2/1PP2B2/1Q4PP/P1P3N1/RN3RK1 w - -"]
[Timezone "UTC"]
[ECO "C58"]
[ECOUrl "https://www.chess.com/openings/Italian-Game-Knight-Attack-Polerio-Kieseritzky-Variation"]
[UTCDate "2011.02.01"]
[UTCTime "03:41:57"]
[WhiteElo "1474"]
[BlackElo "1665"]
[TimeControl "60"]
[Termination "hipposcottimus won on time"]
[StartTime "03:41:57"]
[EndDate "2011.02.01"]
[EndTime "03:43:55"]
[Link "https://www.chess.com/game/live/93513332"]

1. e4 e5 2. Nf3 Nc6 3. Bc4 Nf6 4. Ng5 d5 5. exd5 Na5 6. d3 Bd6 7. O-O O-O 8. Qf3 c6 9. dxc6 Nxc4 10. dxc4 bxc6 11. Qxc6 Rb8 12. b3 Bb7 13. Qa4 Ng4 14. h3 Nh6 15. b4 Be7 16. Nf3 e4 17. Ne1 Bd6 18. Qb3 Qf6 19. g3 e3 20. Bxe3 Bxg3 21. fxg3 Qg6 22. Bf4 Nf5 23. Ng2 Rbe8 0-1

[Event "Live Chess"]
[Site "Chess.com"]
[Date "2011.02.01"]
[Round "-"]
[White "hipposcottimus"]
[Black "Theflashpoint"]
[Result "1-0"]
[CurrentPosition "1R6/p7/2Q5/k1p5/8/8/PPPNK2P/R7 b - -"]
[Timezone "UTC"]
[ECO "C50"]
[ECOUrl "https://www.chess.com/openings/Italian-Game-Rousseau-Gambit"]
[UTCDate "2011.02.01"]
[UTCTime "03:39:29"]
[WhiteElo "1661"]
[BlackElo "1478"]
[TimeControl "60"]
[Termination "hipposcottimus won on time"]
[StartTime "03:39:29"]
[EndDate "2011.02.01"]
[EndTime "03:41:37"]
[Link "https://www.chess.com/game/live/93512808"]

1. e4 e5 2. Nf3 Nc6 3. Bc4 f5 4. exf5 e4 5. Ng1 Nf6 6. d3 d5 7. Bb5 Bxf5 8. Bxc6+ bxc6 9. Bg5 Bd6 10. f3 O-O 11. fxe4 dxe4 12. dxe4 Bxe4 13. Nf3 h6 14. Bh4 g5 15. Nxg5 hxg5 16. Bxg5 Bxg2 17. Rg1 Bh3 18. Bxf6+ Kf7 19. Bxd8 Raxd8 20. Qh5+ Ke7 21. Rg7+ Rf7 22. Rxf7+ Ke6 23. Qg6+ Kd5 24. Qh5+ Kc4 25. Qxh3 Bg3+ 26. Qxg3 Rd1+ 27. Ke2 Rd2+ 28. Nxd2+ Kb5 29. Qb3+ Ka6 30. Rf8 c5 31. Rb8 c6 32. Qb7+ Ka5 33. Qxc6 1-0

[Event "Live Chess"]
[Site "Chess.com"]
[Date "2011.02.01"]
[Round "-"]
[White "Theflashpoint"]
[Black "hipposcottimus"]
[Result "1-0"]
[CurrentPosition "k7/P7/1B6/1PP3pp/2P5/5PPP/8/6K1 b - -"]
[Timezone "UTC"]
[ECO "C58"]
[ECOUrl "https://www.chess.com/openings/Italian-Game-Knight-Attack-Polerio-Kieseritzky-Variation"]
[UTCDate "2011.02.01"]
[UTCTime "03:36:48"]
[WhiteElo "1482"]
[BlackElo "1657"]
[TimeControl "60"]
[Termination "Theflashpoint won on time"]
[StartTime "03:36:48"]
[EndDate "2011.02.01"]
[EndTime "03:39:08"]
[Link "https://www.chess.com/game/live/93512123"]

1. e4 e5 2. Nf3 Nc6 3. Bc4 Nf6 4. Ng5 d5 5. exd5 Na5 6. d3 Nxc4 7. dxc4 Nd7 8. O-O Be7 9. Qg4 f5 10. Qxf5 Nf6 11. Ne6 Qd6 12. Bg5 Bxe6 13. dxe6 O-O 14. Qh3 Qd4 15. Nc3 c5 16. Rad1 Qg4 17. Qxg4 Nxg4 18. Bxe7 Rfe8 19. Bxc5 Rxe6 20. h3 Nf6 21. Rfe1 Rae8 22. Ne4 Nd7 23. Bb4 b6 24. Bc3 a5 25. Ng5 Nc5 26. Nxe6 Nxe6 27. Rxe5 Nc7 28. Rxe8+ Nxe8 29. Rd8 Kf7 30. Rxe8 Kxe8 31. Bd4 Kf7 32. Bxb6 Ke7 33. Bxa5 Kd7 34. Bb6 Kc6 35. c5 Kb7 36. b3 Kc6 37. c4 Kd7 38. a4 g5 39. a5 h5 40. b4 Kc6 41. b5+ Kb7 42. a6+ Kc8 43. a7 Kb7 44. f3 Ka8 45. g3 1-0

[Event "Live Chess"]
[Site "Chess.com"]
[Date "2011.02.01"]
[Round "-"]
[White "Theflashpoint"]
[Black "hipposcottimus"]
[Result "1-0"]
[CurrentPosition "r1b3k1/p1p2rBp/q1p2P2/4p1Q1/4P3/7R/1p4PP/6RK b - -"]
[Timezone "UTC"]
[ECO "C25"]
[ECOUrl "https://www.chess.com/openings/Vienna-Game-Max-Lange-Defense"]
[UTCDate "2011.02.01"]
[UTCTime "03:33:11"]
[WhiteElo "1473"]
[BlackElo "1664"]
[TimeControl "60"]
[Termination "Theflashpoint won on time"]
[StartTime "03:33:11"]
[EndDate "2011.02.01"]
[EndTime "03:35:04"]
[Link "https://www.chess.com/game/live/93511399"]

1. e4 e5 2. Nc3 Nc6 3. Bb5 Nf6 4. Bxc6 dxc6 5. d3 Bd6 6. f4 Bb4 7. f5 Qd4 8. Nf3 Bxc3+ 9. bxc3 Qd7 10. Nxe5 Qd6 11. Bf4 O-O 12. O-O Nd7 13. Qh5 Nxe5 14. d4 f6 15. dxe5 fxe5 16. Bh6 Rf6 17. Bg5 Rf7 18. Qg4 Qc5+ 19. Kh1 Qxc3 20. Rf3 Qxc2 21. Raf1 Qxa2 22. Rh3 Qa6 23. Rg1 b5 24. Bh6 b4 25. Qg5 b3 26. f6 b2 27. Bxg7 1-0

[Event "Live Chess"]
[Site "Chess.com"]
[Date "2011.02.01"]
[Round "-"]
[White "hipposcottimus"]
[Black "Theflashpoint"]
[Result "0-1"]
[CurrentPosition "5rk1/p1p4p/2p3p1/1rKb2B1/3p4/3P4/PP6/R4R2 w - -"]
[Timezone "UTC"]
[ECO "C50"]
[ECOUrl "https://www.chess.com/openings/Italian-Game-Rousseau-Gambit"]
[UTCDate "2011.02.01"]
[UTCTime "03:30:56"]
[WhiteElo "1675"]
[BlackElo "1460"]
[TimeControl "60"]
[Termination "Theflashpoint won on time"]
[StartTime "03:30:56"]
[EndDate "2011.02.01"]
[EndTime "03:32:50"]
[Link "https://www.chess.com/game/live/93510888"]

1. e4 e5 2. Nf3 Nc6 3. Bc4 f5 4. d4 exd4 5. Nxd4 fxe4 6. Nxc6 bxc6 7. Nc3 Nf6 8. O-O d5 9. Be2 Bd6 10. Bh5+ g6 11. Be2 O-O 12. f3 Qe7 13. fxe4 Nxe4 14. Bf3 Bf5 15. Nxe4 Bxe4 16. Bg4 Qh4 17. Bf3 Qxh2+ 18. Kf2 Bc5+ 19. Ke2 Bxf3+ 20. Kd2 Qxg2+ 21. Kc3 Qg3 22. Qd3 d4+ 23. Kc4 Bd5+ 24. Kxc5 Qxd3 25. cxd3 Rab8 26. Bg5 Rb5+ 0-1

[Event "Live Chess"]
[Site "Chess.com"]
[Date "2011.02.01"]
[Round "-"]
[White "Theflashpoint"]
[Black "hipposcottimus"]
[Result "0-1"]
[CurrentPosition "6k1/ppp2p1p/6p1/2pq4/8/3P4/PPP2QR1/7K w - -"]
[Timezone "UTC"]
[ECO "C25"]
[ECOUrl "https://www.chess.com/openings/Vienna-Game-Max-Lange-Defense"]
[UTCDate "2011.02.01"]
[UTCTime "03:28:24"]
[WhiteElo "1446"]
[BlackElo "1687"]
[TimeControl "60"]
[Termination "hipposcottimus won on time"]
[StartTime "03:28:24"]
[EndDate "2011.02.01"]
[EndTime "03:30:31"]
[Link "https://www.chess.com/game/live/93510284"]

1. e4 e5 2. Nc3 Nc6 3. Bb5 Nf6 4. Bxc6 dxc6 5. d3 Bd6 6. f4 Bg4 7. Nf3 exf4 8. h3 Bh5 9. O-O O-O 10. Qe2 c5 11. e5 Re8 12. Bxf4 Bxe5 13. Bxe5 Nd7 14. g4 Bxg4 15. hxg4 Nxe5 16. Nxe5 Qd6 17. Qh2 Rxe5 18. Rae1 Qd4+ 19. Kh1 Rxe1 20. Rxe1 Qxg4 21. Rg1 Qf3+ 22. Qg2 Qh5+ 23. Qh2 Qd5+ 24. Rg2 Qf5 25. Nd5 Re8 26. Qg3 Qh5+ 27. Rh2 Re1+ 28. Qxe1 Qf3+ 29. Rg2 g6 30. Qf2 Qxd5 0-1

[Event "Live Chess"]
[Site "Chess.com"]
[Date "2011.02.01"]
[Round "-"]
[White "hipposcottimus"]
[Black "polygonmon"]
[Result "1-0"]
[CurrentPosition "8/7p/8/8/2n3KP/8/2k5/8 b - h3"]
[Timezone "UTC"]
[ECO "B20"]
[ECOUrl "https://www.chess.com/openings/Sicilian-Defense"]
[UTCDate "2011.02.01"]
[UTCTime "03:25:13"]
[WhiteElo "1684"]
[BlackElo "1694"]
[TimeControl "60"]
[Termination "hipposcottimus won on time"]
[StartTime "03:25:13"]
[EndDate "2011.02.01"]
[EndTime "03:27:37"]
[Link "https://www.chess.com/game/live/93509675"]

1. e4 c5 2. Bb5 Nc6 3. Bxc6 dxc6 4. c4 e6 5. d3 Nf6 6. Nc3 Be7 7. f4 O-O 8. Nf3 Bd6 9. O-O Nd7 10. e5 Be7 11. d4 b6 12. b4 cxb4 13. Ne2 c5 14. a3 cxd4 15. Nexd4 b3 16. Qxb3 Bb7 17. Qe3 Bc5 18. Qd3 f6 19. Kh1 fxe5 20. Nxe6 Qf6 21. Nxf8 Nxf8 22. fxe5 Qg6 23. Bg5 Qxd3 24. Rad1 Qe3 25. Rde1 Qxe1 26. e6 Nxe6 27. Rxe1 Rd8 28. Ng1 Re8 29. Be3 Bxe3 30. Rxe3 Nd4 31. Rxe8+ Kf7 32. Re1 Bxg2+ 33. Kxg2 Nc2 34. Rc1 Nxa3 35. Nf3 b5 36. Rf1 bxc4 37. Ne5+ Ke6 38. Nxc4 Nxc4 39. Re1+ Kd5 40. Rc1 Kc5 41. Re1 a5 42. Re7 a4 43. Ra7 a3 44. Rxg7 Kd4 45. Ra7 Kc3 46. Ra4 Kb2 47. Ra5 a2 48. Rxa2+ Kxa2 49. Kg3 Kb3 50. Kg4 Kc2 51. h4 1-0

[Event "Live Chess"]
[Site "Chess.com"]
[Date "2011.02.01"]
[Round "-"]
[White "polygonmon"]
[Black "hipposcottimus"]
[Result "0-1"]
[CurrentPosition "2kr3r/ppp2ppp/2B5/5b2/4p1n1/2P5/P1PNQPPq/R1B2RK1 w - -"]
[Timezone "UTC"]
[ECO "C45"]
[ECOUrl "https://www.chess.com/openings/Scotch-Game"]
[UTCDate "2011.02.01"]
[UTCTime "03:23:59"]
[WhiteElo "1703"]
[BlackElo "1675"]
[TimeControl "60"]
[Termination "hipposcottimus won by checkmate"]
[StartTime "03:23:59"]
[EndDate "2011.02.01"]
[EndTime "03:25:00"]
[Link "https://www.chess.com/game/live/93509403"]

1. e4 e5 2. Nf3 Nc6 3. d4 d5 4. dxe5 dxe4 5. Nfd2 Bf5 6. Bb5 Qd5 7. Qe2 O-O-O 8. Bc4 Qxe5 9. Nc3 Bb4 10. O-O Bxc3 11. bxc3 Nh6 12. Bb5 Ng4 13. Bxc6 Qxh2# 0-1

[Event "Live Chess"]
[Site "Chess.com"]
[Date "2011.02.01"]
[Round "-"]
[White "kingkiller091"]
[Black "hipposcottimus"]
[Result "0-1"]
[CurrentPosition "7k/pp5p/2p5/2Rn4/2KP4/P3q3/2r4P/6R1 w - -"]
[Timezone "UTC"]
[ECO "D43"]
[ECOUrl "https://www.chess.com/openings/Semi-Slav-Defense"]
[UTCDate "2011.02.01"]
[UTCTime "03:22:14"]
[WhiteElo "1580"]
[BlackElo "1666"]
[TimeControl "60"]
[Termination "hipposcottimus won by checkmate"]
[StartTime "03:22:14"]
[EndDate "2011.02.01"]
[EndTime "03:23:43"]
[Link "https://www.chess.com/game/live/93509019"]

1. d4 d5 2. c4 c6 3. Nf3 e6 4. Nc3 Nf6 5. e3 Nbd7 6. Bd3 Bb4 7. a3 Bxc3+ 8. bxc3 Kf8 9. O-O Ke7 10. e4 Re8 11. exd5 Kf8 12. dxe6 Rxe6 13. Be3 Nb6 14. Bg5 Qd7 15. Bf5 Qd6 16. Bxe6 Bxe6 17. Bxf6 Bxc4 18. Bxg7+ Kxg7 19. Re1 Kh8 20. Ng5 Rg8 21. Nxf7+ Bxf7 22. c4 Bxc4 23. Rc1 Bd5 24. Rc5 Bxg2 25. f3 Bxf3+ 26. Kf2 Bxd1 27. Rxd1 Nd5 28. Rg1 Rf8+ 29. Ke1 Qe6+ 30. Kd2 Rf2+ 31. Kd3 Qe3+ 32. Kc4 Rc2# 0-1

[Event "Live Chess"]
[Site "Chess.com"]
[Date "2011.02.01"]
[Round "-"]
[White "hipposcottimus"]
[Black "Shenandoah"]
[Result "0-1"]
[CurrentPosition "r1bq1rk1/1p3ppp/p3pn2/1Nbp4/2nN4/P5P1/1P2QPBP/R1B2RK1 w - -"]
[Timezone "UTC"]
[ECO "B12"]
[ECOUrl "https://www.chess.com/openings/Caro-Kann-Defense-Advance-Botvinnik-Carls-Defense-4.c4"]
[UTCDate "2011.02.01"]
[UTCTime "03:20:58"]
[WhiteElo "1659"]
[BlackElo "1857"]
[TimeControl "60"]
[Termination "Shenandoah won by resignation"]
[StartTime "03:20:58"]
[EndDate "2011.02.01"]
[EndTime "03:21:57"]
[Link "https://www.chess.com/game/live/93508749"]

1. e4 c6 2. d4 d5 3. e5 c5 4. c4 Nc6 5. Nf3 cxd4 6. Nxd4 Nxe5 7. Qe2 Nxc4 8. Nc3 e6 9. g3 Bb4 10. Bg2 Nf6 11. O-O O-O 12. Ncb5 a6 13. a3 Bc5 0-1

[Event "Live Chess"]
[Site "Chess.com"]
[Date "2011.02.01"]
[Round "-"]
[White "meowmixy"]
[Black "hipposcottimus"]
[Result "1-0"]
[CurrentPosition "5rk1/2p3pp/prPp1qb1/3Np3/4Qp2/1P3N1P/P1P2PP1/R4RK1 w - -"]
[Timezone "UTC"]
[ECO "C48"]
[ECOUrl "https://www.chess.com/openings/Four-Knights-Game-Spanish-Variation-4...d6-5.d4"]
[UTCDate "2011.02.01"]
[UTCTime "03:19:33"]
[WhiteElo "1787"]
[BlackElo "1663"]
[TimeControl "60"]
[Termination "meowmixy won by resignation"]
[StartTime "03:19:33"]
[EndDate "2011.02.01"]
[EndTime "03:20:40"]
[Link "https://www.chess.com/game/live/93508424"]

1. e4 e5 2. Nf3 Nc6 3. Nc3 Nf6 4. Bb5 d6 5. d4 Bg4 6. d5 a6 7. Bxc6+ bxc6 8. dxc6 Be7 9. Qd3 O-O 10. Bg5 Nxe4 11. Bxe7 Qxe7 12. Qxe4 f5 13. Qe3 Rab8 14. b3 f4 15. Qe4 Rb6 16. O-O Qf6 17. h3 Bh5 18. Nd5 Bg6 1-0

[Event "Live Chess"]
[Site "Chess.com"]
[Date "2011.02.01"]
[Round "-"]
[White "paleoliberal"]
[Black "hipposcottimus"]
[Result "0-1"]
[CurrentPosition "8/pp3rkp/2p3p1/8/4P1Q1/6P1/P4qKP/8 w - -"]
[Timezone "UTC"]
[ECO "C65"]
[ECOUrl "https://www.chess.com/openings/Ruy-Lopez-Opening-Berlin-Defense-4.Bxc6-dxc6"]
[UTCDate "2011.02.01"]
[UTCTime "03:16:45"]
[WhiteElo "1504"]
[BlackElo "1669"]
[TimeControl "60"]
[Termination "hipposcottimus won on time"]
[StartTime "03:16:45"]
[EndDate "2011.02.01"]
[EndTime "03:18:58"]
[Link "https://www.chess.com/game/live/93507814"]

1. e4 e5 2. Nf3 Nc6 3. Bb5 Nf6 4. Bxc6 dxc6 5. Nc3 Bd6 6. d4 Bg4 7. dxe5 Bxf3 8. Qxf3 Bxe5 9. Bg5 O-O 10. O-O Qd6 11. g3 Nd7 12. Ne2 f6 13. Bf4 Rae8 14. Bxe5 Nxe5 15. Qf5 g6 16. Qh3 f5 17. Nf4 fxe4 18. Rfe1 Qd4 19. Rad1 Qxb2 20. Nh5 Nf3+ 21. Kh1 Nxe1 22. Rxe1 Qxc2 23. Nf6+ Rxf6 24. Qd7 Rff8 25. f3 Qa4 26. fxe4 Rd8 27. Qxc7 Rd1 28. Rxd1 Qxd1+ 29. Kg2 Qf3+ 30. Kh3 Qf6 31. Qd7 Rf7 32. Qg4 Kg7 33. Kg2 Qf2+ 0-1

[Event "Live Chess"]
[Site "Chess.com"]
[Date "2011.02.01"]
[Round "-"]
[White "hipposcottimus"]
[Black "paleoliberal"]
[Result "1-0"]
[CurrentPosition "7r/1R6/3Qk1p1/4Bb2/7q/1PP5/2P2PPP/4R1K1 b - -"]
[Timezone "UTC"]
[ECO "C57"]
[ECOUrl "https://www.chess.com/openings/Italian-Game-Knight-Attack"]
[UTCDate "2011.02.01"]
[UTCTime "03:15:07"]
[WhiteElo "1664"]
[BlackElo "1509"]
[TimeControl "60"]
[Termination "hipposcottimus won by checkmate"]
[StartTime "03:15:07"]
[EndDate "2011.02.01"]
[EndTime "03:16:40"]
[Link "https://www.chess.com/game/live/93507434"]

1. e4 e5 2. Nf3 Nc6 3. Bc4 Nf6 4. Ng5 Qe7 5. Bxf7+ Kd8 6. Bb3 Nd4 7. Nf7+ Ke8 8. Nxh8 Nxb3 9. axb3 d6 10. O-O g6 11. d4 Bg7 12. dxe5 Nxe4 13. Nxg6 hxg6 14. Re1 Bf5 15. Nc3 Nxc3 16. bxc3 Kd7 17. Bf4 Rh8 18. exd6 cxd6 19. Rxa7 Be5 20. Rxb7+ Ke6 21. Bxe5 Qh4 22. Qxd6# 1-0